Unix NetHack Version 5.0.0-0 post-release - last build May  4 2026 22:22:43 (774f63e81ad911689b3a0859ea89b322d5daca8d,branch:main).

Game began 2026-05-07 12:26:00, ended 2026-05-07 12:45:18.

01246791210, neutral male human Barbarian

    -----
    |.)..##
    |.%.| #####                    ---------
    |...|     ###                  |.......|
    |.%.|     ##----------        #-..<....|
    --.--     ##-........|        #|.......|
      ##       :|........|        #-------|-
       #       @|........|       ###########
       ###     e|........|#########       #
         #     #|........|     #          #
         #   ###|.........######          #
    -----.-  #  ----------                #
    |.>....###                            #
    |.....|                              -.-----
    |.....|                              |.....|
    |.....|                              |.^>{.|
    |.....|                              |.....|
    -------                              |.....|
                                         -------

01246791210 the Pillager   St:18/02 Dx:15 Co:17 In:9 Wi:8 Ch:6  Neutral
Dlvl:4  $:45 HP:0(53) Pw:8(8) AC:7  Xp:4 T:2252 

Latest messages:
 $ - 7 gold pieces (45 in total).
 The door resists!
 The door opens.
 You descend the stairs.
 You climb up the stairs.
 You are beginning to feel hungry.
 What do you want to eat? [eo or ?*] e
 This lichen corpse tastes okay.
 You finish eating the lichen corpse.
 You smite the floating eye!
 You are frozen by the floating eye's gaze!
 The gecko bites!
 The gecko bites!
 The gecko bites!
 The gecko bites!
 The gecko bites!
 The gecko bites!
 The gecko bites!
 The gecko bites!
 The gecko bites!
 The gecko bites!
 The gecko bites!
 The gecko bites!
 The gecko bites!
 The gecko bites!
 The gecko bites!
 The gecko bites!
 The gecko bites!
 The gecko bites!
 The gecko bites!
 The gecko bites!
 The gecko bites!
 The gecko bites!
 The gecko bites!
 The gecko bites!
 The gecko bites!
 The gecko bites!
 The gecko bites!
 The gecko bites!
 The gecko bites!
 The gecko bites!
 The gecko bites!
 The gecko bites!
 The gecko bites!
 You die...
 Do you want your possessions identified? [ynq] (y) n
 Do you want to see your attributes? [ynq] (y) n
 Do you want an account of creatures vanquished? [ynaq] (y) n
 Do you want to see your conduct and achievements? [ynq] (y) n
 Do you want to see the dungeon overview? [ynq] (y) n

Inventory:
 Coins    ('$')
  $ - 45 gold pieces
 Weapons  (')')
  u - a +0 sling
  k - 6 +0 darts
  a - a +0 battle-axe (weapon in hands)
  b - a +0 short sword (alternate weapon; not wielded)
 Armor    ('[')
  c - an uncursed +0 ring mail (being worn)
 Comestibles  ('%')
  o - 2 uncursed bananas
 Scrolls  ('?')
  l - an uncursed scroll of remove curse
 Potions  ('!')
  x - a blessed potion of booze
  r - an uncursed potion of object detection
  q - an uncursed potion of restore ability
  m - an uncursed potion of sickness
  p - an uncursed potion of speed
 Wands    ('/')
  g - a wand of secret door detection (0:15)
 Tools    ('(')
  s - an uncursed leash
 Gems/Stones  ('*')
  n - an uncursed obsidian stone
  v - 5 uncursed rocks

01246791210 the Barbarian's attributes:

Background:
 You were a Pillager, a level 4 male human Barbarian.
 You were neutral, nominally on a mission for Crom
 who was opposed by Mitra (lawful) and Set (chaotic).
 You were right-handed.
 You were in the Dungeons of Doom, on level 4.
 You entered the dungeon 2252 turns ago.
 You had 82 experience points, 78 more were needed to attain level 5.

Basics:
 You had 0 out of 53 hit points.
 You had all 8 energy points (spell power).
 Your armor class was 7.
 Your wallet contained 45 zorkmids.
 Autopickup was off.

Final Characteristics:
 Your strength was 18/02 (limit:18/100).
 Your dexterity was 15 (limit:18).
 Your constitution was 17 (limit:18).
 Your intelligence was 9 (limit:18).
 Your wisdom was 8 (limit:18).
 Your charisma was 6 (limit:18).

Final Status:
 You weren't hungry.
 You were unencumbered.
 You were wielding an axe.
 You had basic skill with axe.

Final Attributes:
 You were devoutly aligned.
 You were poison resistant.
 You were warded.
 You are dead.

Miscellaneous:
 You didn't encounter any bones levels.
 Total elapsed playing time was 19 minutes and 18 seconds.

Major events:
 Turn
    1: 01246791210 the neutral male human Barbarian entered the dungeon
 1165: attained the rank of Pillager (level 3)
 2087: entered the Gnomish Mines
 2252: killed by a gecko, while frozen by a floating eye's gaze

You didn't know any spells.

Skills:
 Fighting Skills
   bare handed combat [Basic]
   two weapon combat  [Unskilled]
   riding             [Unskilled]
 Weapon Skills
   dagger             [Unskilled]
   axe                [Basic]
   pick-axe           [Unskilled]
   short sword        [Basic]
   broadsword         [Unskilled]
   long sword         [Unskilled]
   two-handed sword   [Unskilled]
   saber              [Unskilled]
   club               [Unskilled]
   mace               [Unskilled]
   morning star       [Unskilled]
   flail              [Unskilled]
   hammer             [Unskilled]
   quarterstaff       [Unskilled]
   spear              [Unskilled]
   trident            [Unskilled]
   bow                [Unskilled]
 Spellcasting Skills
   attack spells      [Unskilled]
   escape spells      [Unskilled]

Voluntary challenges:
 Character rerolling was not enabled.
 You were an atheist.
 You were illiterate.
 You never genocided any monsters.
 You never polymorphed an object.
 You never changed form.
 You used no wishes.
Achievements:
 You attained the rank of Pillager.
 You entered a shop.
 You entered the Gnomish Mines.

 The Dungeons of Doom: levels 1 to 5
    Level 1:
    Level 2:
       A wand shop, a fountain.
    Level 3:
       A ring shop, some fountains, many trees.
    Level 4: <- You were here.
       A fountain.
       Stairs down to The Gnomish Mines.
       Final resting place for
          you, killed by a gecko, while frozen by a floating eye's gaze.
    Level 5:
       Many fountains.
 The Gnomish Mines:
    Level 5:


Vanquished creatures:
  a werejackal
  a gas spore
  2 hobbits
  2 brown molds
  a green mold
  4 jackals
  2 foxes
  a kobold
  2 goblins
  2 grid bugs
  5 lichens
  2 kobold zombies
  5 newts
30 creatures vanquished.

No species were genocided or became extinct.

Game over:
                       ----------
                      /          \
                     /    REST    \
                    /      IN      \
                   /     PEACE      \
                  /                  \
                  |   01246791210    |
                  |      45 Au       |
                  |   killed by a    |
                  |      gecko       |
                  |                  |
                  |                  |
                  |       2026       |
                 *|     *  *  *      | *
        _________)/\\_//(\/(/\)/\//\/|_)_______

Goodbye 01246791210 the Barbarian...

You died in The Dungeons of Doom on dungeon level 4 with 569 points,
and 45 pieces of gold, after 2252 moves.
You were level 4 with a maximum of 53 hit points when you died.

